 Dungeon Crawl Stone Soup version 0.26.1-11-gd32895ea62 (webtiles) character file.

Game seed: 9029147558247696239

88 raph the Poker (level 4, -1/33 HPs)
             Began as a Merfolk Gladiator on Apr 16, 2021.
             Killed from afar by a white imp (9 damage)
             ... with a puff of frost
             ... on level 5 of the Dungeon.
             The game lasted 00:03:05 (2084 turns).

raph the Poker (Merfolk Gladiator)                  Turns: 2084, Time: 00:03:06

Health: -1/33      AC:  7    Str: 14    XL:     4   Next: 53%
Magic:  4/4        EV: 18    Int:  7    God:
Gold:   139        SH:  0    Dex: 16    Spells: 3/3 levels left

rFire    . . .     SeeInvis .   u - +0 bardiche
rCold    . . .     Faith    .   (shield currently unavailable)
rNeg     . . .     Spirit   .   b - +0 leather armour
rPois    .         Reflect  .   c - +0 helmet
rElec    .         Harm     .   (no cloak)
rCorr    .         Rampage  .   (no gloves)
Will     .....                  n - +2 pair of boots
Stlth    +.........             (no amulet)
HPRegen  0.11/turn              r - +4 ring of slaying
MPRegen  0.09/turn              s - +4 ring of evasion

@: no status effects
A: change form in water, swift swim, stealthy swim
a: no special abilities


You were on level 5 of the Dungeon.
You visited 1 branch of the dungeon, and saw 5 of its levels.

You collected 139 gold pieces.

Inventory:

Hand Weapons
 a - a +0 trident
 u - a +0 bardiche (weapon)
Missiles
 d - 3 throwing nets (quivered)
 x - 15 poisoned darts
Armour
 b - a +0 leather armour (worn)
 c - a +0 helmet (worn)
 l - a +1 pair of boots
 n - a +2 pair of boots (worn)
Jewellery
 r - a +4 ring of slaying (left hand)
 s - a +4 ring of evasion (right hand)
 v - a +6 ring of intelligence
 y - an uncursed ring of protection from fire {unknown}
Wands
 t - a wand of polymorph (8)
Scrolls
 f - 4 scrolls of identify {unknown}
 h - a scroll of noise {unknown}
 i - a scroll of immolation {unknown}
 k - 2 scrolls of blinking {unknown}
 m - 3 scrolls of magic mapping {unknown}
 o - a scroll of amnesia {unknown}
 p - 2 scrolls of teleportation {unknown}
 q - a scroll of fog {unknown}
 w - a scroll of random uselessness {unknown}
Potions
 e - 2 potions of flight {unknown}
 g - a potion of might {unknown}
 j - 2 potions of brilliance {unknown}


   Skills:
 - Level 2.1 Fighting
 * Level 7.5 Polearms
 - Level 2.0 Throwing
 - Level 4.0 Dodging


You had 3 spell levels left.
You didn't know any spells.
Your spell library was empty.

Dungeon Overview and Level Annotations

Branches:
Dungeon (3/15)

Altars:
Xom

Annotations:
D:4 Dowan, Duvessa
D:5 Edmund


Message History

Found a stone staircase leading down.
Okay, then.
Edmund asks, "Have you met my wondrous brother?"
A white imp comes into view.
Found a scroll labelled IRAR YCLAMNI.
The white imp shouts!
Found a scroll labelled ZUTOEJEDWO.
Found a stone staircase leading up.
The white imp barely misses you. The white imp gestures at you.
The puff of frost hits you but does no damage.
The white imp gestures at you. The puff of frost hits you!
The white imp gestures at you. The puff of frost hits you!
* * * LOW HITPOINT WARNING * * *
Edmund grinds his teeth, and then sighs.
Found a scroll labelled TODWOI VUSM.
The white imp gestures at you. The puff of frost hits you!
You die...

......##........##...##
......##..............##
.......................#
......##.......#.......#
###.#####.5...... #.
#@.....#. # #...?...#
#.......# #@.?....#
...............
.#####..#...###
..####..# #.# #... ..
### ?.# .##


You could see Edmund and a white imp.

Vanquished Creatures
  An orc priest (D:5)
  An adder (D:2)
  A white imp (D:5)
  A worm (D:2)
  2 dart slugs (D:1)
  A leopard gecko (D:1)
  An orc (D:5)
  A giant cockroach (D:3)
  5 hobgoblins
  A ball python (D:2)
  6 bats
  2 frilled lizards
  6 goblins
  4 kobolds
  A rat (D:3)
34 creatures vanquished.

Notes
Turn   | Place    | Note
-------+----------+-------------------------------------------
     0 | D:1      | raph the Merfolk Gladiator began the quest for the Orb.
     0 | D:1      | Reached XP level 1. HP: 16/16 MP: 1/1
   275 | D:1      | Reached skill level 5 in Polearms
   394 | D:1      | Reached XP level 2. HP: 22/22 MP: 2/2
   873 | D:2      | Reached skill level 6 in Polearms
   873 | D:2      | Reached XP level 3. HP: 21/27 MP: 3/3
  1850 | D:3      | You fall into a shaft and drop 1 floor!
  1850 | D:4      | Noticed Duvessa
  1851 | D:4      | Noticed Dowan
  1851 | D:4      | Noticed a scorpion
  1852 | D:4      | You fall into a shaft and drop 1 floor!
  1852 | D:5      | Entered Level 5 of the Dungeon
  1876 | D:5      | Found a shimmering altar of Xom.
  1983 | D:5      | Reached XP level 4. HP: 33/33 MP: 4/4
  1986 | D:5      | Reached skill level 7 in Polearms
  2055 | D:5      | Noticed Edmund
  2084 | D:5      | Killed from afar by a white imp

Illustrated notes

Levels and vault maps discovered:
D:1:      elethiomel_arrival_infinity_welcomes_careful_drivers, layout_basic
D:2:      layout_loops_cross, grunt_ministairs_7
D:3:      layout_basic, dancing_weapons_uskayaw,
          nicolae_dithmenos_through_a_glass_darkly,
          chequers_ecumenical_altar_grove
D:4:      layout_gridville, grunt_ministairs_5, minmay_bisected, uniq_duvessa
D:5:      layout_rooms, nicolae_ru_the_path_less_chosen,
          lemuel_coloured_pillars_altar, lemuel_crystal_altar,
          minmay_crystal_room, uniq_edmund, uniq_menkaure, uniq_eustachio

Skill      XL: |  1  2  3  4 |
---------------+-------------+-----
Polearms       | 5 6 7 |  7.5
Fighting       | |  2.1
Throwing       | |  2.0
Dodging        | |  4.0

Action                   |  1- 3 |  4- 6 || total
-------------------------+-------+-------++-------
Melee: Trident           |    46 |       ||    46
       Bardiche          |    27 |     2 ||    29
 Stab: Sleeping          |     6 |       ||     6
Armor: Leather armour    |    16 |     1 ||    17
Dodge: Dodged            |    35 |     2 ||    37
